Admirals vs Monarchs

Created - Wednesday, October 08, 2014 at 00:04

Goals
1 2 3 T
Admirals 0 0 0 0
Monarchs 0 1 1 2
Shots
1 2 3 T
Admirals 8 7 10 25
Monarchs 3 9 14 26

1st period

No Goal

Penalties :
David Rundblad (MAN) for Holding (Minor) at 2:59, Nathan McIver (NOR) for Holding (Minor) at 6:27

2nd period

1. Monarchs , Keith Ballard 1 (Bobby Robins, Matej Stransky) at 6:57 (PP)

Penalties :
Bryan Rodney (NOR) for Tripping (Minor) at 6:42, Bobby Robins (MAN) for Hooking (Minor) at 13:52

3rd period

2. Monarchs , Nathan Paetsch 1 (Matej Stransky) at 19:50 (Empty Net)

Penalties :
Ryan Malone (MAN) for Fighting (Major) at 4:16, Scott Ford (NOR) for Fighting (Major) at 4:16, Jean-Gabriel Pageau (NOR) for Hooking (Minor) at 5:46

Goalie Stats

Jonathan Bernier (NOR), 24 saves from 25 shots - (0.960), L, 1-1-0, 59:12 minutes
Kenny Reiter (MAN), 25 saves from 25 shots - (1.000), W, 1-0-0, 60:00 minutes

Players Stats for Admirals

Player Name              G  A  P  +/- PIM S  H  SB GA TA FO     MP     PP MP  PK MP  
------------------------------------------------------------------------------------
Alex Grant               0  0  0  -1  0   2  2  0  1  1  0/0    22:51   2:05   1:45 
Brayden Irwin            0  0  0   0  0   0  0  0  0  0  0/0     0:00   0:00   0:00 
Bryan Rodney             0  0  0   0  2   1  1  1  0  1  0/0    25:27   1:53   0:21 
Cade Fairchild           0  0  0  -1  0   0  1  0  0  3  0/0    27:44   2:05   3:05 
Carter Ashton            0  0  0   0  0   2  1  1  1  0  0/0     5:32   0:00   0:00 
Carter Camper            0  0  0   0  0   3  1  1  0  0  2/7    13:27   0:00   0:20 
Darryl Boyce             0  0  0  -1  0   1  3  2  0  2  1/3    22:40   1:36   2:29 
Farm Player11            0  0  0   0  0   0  0  0  0  0  0/0    17:01   0:36   1:29 
Jean-Gabriel Pageau      0  0  0   0  2   2  1  0  4  1  1/2    19:22   1:46   0:00 
Jonathan Marchessault    0  0  0   0  0   1  3  0  3  0  2/5    21:34   2:12   2:53 
Keith Aucoin             0  0  0   0  0   2  2  2  5  2  0/0    19:31   1:46   0:00 
Maxime Langelier-Parent  0  0  0  -1  0   0  0  0  0  0  0/1     0:59   0:00   0:00 
Mike Sislo               0  0  0  -1  0   4  1  0  1  0  0/0     5:52   0:00   0:00 
Mike Zigomanis           0  0  0   0  0   5  2  0  0  0  9/13   20:52   2:12   1:20 
Nathan McIver            0  0  0   0  2   0  0  0  0  2  0/0    14:33   0:00   2:05 
Ryan Bourque             0  0  0   0  0   1  0  0  2  1  5/10   21:48   1:46   0:27 
Scott Ford               0  0  0   0  5   0  2  0  0  2  0/0    21:55   1:53   0:38 
Sven Andrighetto         0  0  0   0  0   1  2  0  2  0  3/3    14:30   0:00   0:00 

Players Stats for Monarchs

Player Name              G  A  P  +/- PIM S  H  SB GA TA FO     MP     PP MP  PK MP  
------------------------------------------------------------------------------------
Bobby Robins             0  1  1   1  2   0  1  0  0  0  0/2    23:05   1:41   0:35 
Brett Olson              0  0  0   0  0   2  2  0  0  0  4/9    13:27   0:00   0:10 
Byron Froese             0  0  0   0  0   0  1  0  0  0  1/5     7:00   0:44   0:35 
C.J. Stretch             0  0  0   1  0   1  0  0  0  0  6/12   19:52   1:03   0:54 
David Rundblad           0  0  0   0  2   8  2  1  4  1  1/3    23:56   2:26   1:36 
Derek Forbort            0  0  0   1  0   0  3  3  2  5  0/0    26:33   2:28   3:03 
Jared Knight             0  0  0   0  0   0  3  2  3  0  2/2    21:42   1:42   2:29 
Jason Jaffray            0  0  0   0  0   2  0  0  0  1  0/0    18:32   1:43   0:54 
Joe Morrow               0  0  0   0  0   1  1  1  0  3  0/0    25:45   1:45   0:55 
Jordan Hill              0  0  0   0  0   0  1  2  0  0  0/0    12:11   0:05   0:00 
Keith Ballard            1  0  1   0  0   5  1  2  4  0  0/0    24:24   2:28   0:41 
Luke Gazdic              0  0  0   0  0   0  0  0  0  0  0/0     0:00   0:00   0:00 
Matej Stransky           0  2  2   1  0   1  0  0  6  1  5/8    22:53   2:05   2:19 
Mathieu Tousignant       0  0  0   0  0   0  1  0  0  0  2/3     3:55   0:00   0:00 
Nathan Paetsch           1  0  1   1  0   2  5  0  2  2  0/0    27:21   1:45   1:41 
Rostislav Olesz          0  0  0   0  0   0  0  0  1  0  0/0     6:30   0:00   0:00 
Ryan Malone              0  0  0   0  5   4  5  0  1  0  0/0    15:18   1:10   0:00 
Zach McKelvie            0  0  0   0  0   0  0  0  0  0  0/0     3:30   0:00   0:00 

3 Stars

1 - Kenny Reiter (MAN)
2 - Nathan Paetsch (MAN)
3 - Jonathan Bernier (NOR)

Power Play

Admirals - 0 on 2 Attempt(s) - 0.00%
Monarchs - 1 on 3 Attempt(s) - 33.33%

Penalty Kill

Admirals - 2 on 3 Attempt(s) - 66.67% - Score 0 goal in Penalty Kill
Monarchs - 2 on 2 Attempt(s) - 100.00% - Score 0 goal in Penalty Kill

Official

Referees : Unknown
Linesman : Unknown

Game Notes

Byron Froese is injured at 0:05 of 2nd period (Left Hand)
Ryan Malone and Scott Ford fight to a draw at 4:16 of 3rd period
Nathan Paetsch has scored in a empty net!

Finance

Level 1 -- Attendance: 1397 (69.85%) -- Ticket Income $48,895
Level 2 -- Attendance: 716 (71.60%) -- Ticket Income $10,740
Total Attendance: 2113 (70.43%)
Total Ticket Income: $59,635
Other Income: $29,221
Total Income: $88,856

Admirals

5 vs 5 Forward 
   Center                   Left Wing                Right Wing               Time % Phy DF OF 
 1 Mike Zigomanis           Darryl Boyce             Jean-Gabriel Pageau      35     1   2  2  
 2 Ryan Bourque             Jonathan Marchessault    Keith Aucoin             30     1   2  2  
 3 Carter Camper            Darryl Boyce             Ryan Bourque             22     1   2  2  
 4 Sven Andrighetto         Darryl Boyce             Ryan Bourque             13     1   2  2  

5 vs 5 Defense 
   Defense                  Defense                                           Time % Phy DF OF 
 1 Cade Fairchild           Alex Grant                                        35     1   2  2  
 2 Bryan Rodney             Scott Ford                                        30     1   2  2  
 3 Cade Fairchild           Nathan McIver                                     22     1   2  2  
 4 Cade Fairchild           Farm Player11                                     13     1   2  2  

PowerPlay Forward 
   Center                   Left Wing                Right Wing               Time % Phy DF OF 
 1 Jonathan Marchessault    Darryl Boyce             Mike Zigomanis           60     1   2  2  
 2 Ryan Bourque             Keith Aucoin             Jean-Gabriel Pageau      40     1   2  2  

PowerPlay Defense
   Defense                  Defense                                           Time % Phy DF OF 
 1 Cade Fairchild           Alex Grant                                        60     1   2  2  
 2 Scott Ford               Bryan Rodney                                      40     1   2  2  

Penalty Kill 4 Players Forward 
   Center                   Wing                     Time % Phy DF OF 
 1 Jonathan Marchessault    Darryl Boyce             60     1   2  2  
 2 Ryan Bourque             Mike Zigomanis           40     1   2  2  

Penalty Kill 4 Players Defense
   Defense                  Defense                  Time % Phy DF OF 
 1 Cade Fairchild           Alex Grant               60     1   2  2  
 2 Nathan McIver            Scott Ford               40     1   2  2  

Penalty Kill - 3 Players Forward 
   Forward                                           Time % Phy DF OF 
 1 Ryan Bourque                                      60     1   2  2  
 2 Darryl Boyce                                      40     1   2  2  

Penalty Kill - 3 Players Defense
   Defense                  Defense                  Time % Phy DF OF 
 1 Cade Fairchild           Bryan Rodney             60     1   2  2  
 2 Alex Grant               Farm Player11            40     1   2  2  

4 vs 4 Forward 
   Center                   Wing                     Time % Phy DF OF 
 1 Mike Zigomanis           Darryl Boyce             60     1   2  2  
 2 Ryan Bourque             Jonathan Marchessault    40     1   2  2  

4 vs 4 Defense
   Defense                  Defense                  Time % Phy DF OF 
 1 Cade Fairchild           Alex Grant               60     1   2  2  
 2 Farm Player11            Nathan McIver            40     1   2  2  

Last Minutes Offensive
   Center                   Left Wing                Right Wing               Defense                  Defense                  
   Mike Zigomanis           Darryl Boyce             Jonathan Marchessault    Cade Fairchild           Alex Grant               

Last Minutes Defensive
   Center                   Left Wing                Right Wing               Defense                  Defense                  
   Mike Zigomanis           Darryl Boyce             Jonathan Marchessault    Cade Fairchild           Alex Grant               

Goaltenders
Starting : Jonathan Bernier         
Backup : Brad Thiessen            

Extra Forwards
Normal : Ryan Bourque, Darryl Boyce, Sven Andrighetto - PP : Ryan Bourque, Darryl Boyce - PK : Darryl Boyce
Extra Defensemen
Normal : Cade Fairchild, Alex Grant, Bryan Rodney - PP : Cade Fairchild - PK : Scott Ford, Cade Fairchild
Penalty Shots
Carter Camper, Darryl Boyce, Ryan Bourque, Jonathan Marchessault, Mike Zigomanis

Monarchs

5 vs 5 Forward 
   Center                   Left Wing                Right Wing               Time % Phy DF OF 
 1 Byron Froese             Bobby Robins             Matej Stransky           35     1   2  2  
 2 David Rundblad           Ryan Malone              Jared Knight             30     1   2  2  
 3 Matej Stransky           Jared Knight             Bobby Robins             22     1   2  2  
 4 Byron Froese             Jason Jaffray            Nathan Paetsch           13     1   2  2  

5 vs 5 Defense 
   Defense                  Defense                                           Time % Phy DF OF 
 1 Keith Ballard            Derek Forbort                                     35     1   2  2  
 2 Nathan Paetsch           Joe Morrow                                        30     1   2  2  
 3 David Rundblad           Nathan Paetsch                                    22     1   2  2  
 4 Derek Forbort            Joe Morrow                                        13     1   2  2  

PowerPlay Forward 
   Center                   Left Wing                Right Wing               Time % Phy DF OF 
 1 Byron Froese             Bobby Robins             Matej Stransky           60     1   2  2  
 2 David Rundblad           Ryan Malone              Jared Knight             40     1   2  2  

PowerPlay Defense
   Defense                  Defense                                           Time % Phy DF OF 
 1 Derek Forbort            Keith Ballard                                     60     1   2  2  
 2 Nathan Paetsch           Joe Morrow                                        40     1   2  2  

Penalty Kill 4 Players Forward 
   Center                   Wing                     Time % Phy DF OF 
 1 Matej Stransky           Jared Knight             60     1   2  2  
 2 Bobby Robins             Byron Froese             40     1   2  2  

Penalty Kill 4 Players Defense
   Defense                  Defense                  Time % Phy DF OF 
 1 David Rundblad           Derek Forbort            60     1   2  2  
 2 Nathan Paetsch           Joe Morrow               40     1   2  2  

Penalty Kill - 3 Players Forward 
   Forward                                           Time % Phy DF OF 
 1 Matej Stransky                                    60     1   2  2  
 2 Jared Knight                                      40     1   2  2  

Penalty Kill - 3 Players Defense
   Defense                  Defense                  Time % Phy DF OF 
 1 Keith Ballard            David Rundblad           60     1   2  2  
 2 Nathan Paetsch           Joe Morrow               40     1   2  2  

4 vs 4 Forward 
   Center                   Wing                     Time % Phy DF OF 
 1 Matej Stransky           Jared Knight             60     1   2  2  
 2 Bobby Robins             Byron Froese             40     1   2  2  

4 vs 4 Defense
   Defense                  Defense                  Time % Phy DF OF 
 1 David Rundblad           Derek Forbort            60     1   2  2  
 2 Nathan Paetsch           Joe Morrow               40     1   2  2  

Last Minutes Offensive
   Center                   Left Wing                Right Wing               Defense                  Defense                  
   Byron Froese             Bobby Robins             Matej Stransky           Keith Ballard            Nathan Paetsch           

Last Minutes Defensive
   Center                   Left Wing                Right Wing               Defense                  Defense                  
   Byron Froese             Bobby Robins             Matej Stransky           Keith Ballard            Nathan Paetsch           

Goaltenders
Starting : Kenny Reiter             
Backup : Rick DiPietro            

Extra Forwards
Normal : Bobby Robins, Byron Froese, Matej Stransky - PP : Bobby Robins, Byron Froese - PK : Matej Stransky
Extra Defensemen
Normal : Derek Forbort, David Rundblad, Nathan Paetsch - PP : Derek Forbort - PK : David Rundblad, Nathan Paetsch
Penalty Shots
Matej Stransky, Jared Knight, Bobby Robins, Byron Froese, Jason Jaffray

% Time on Ice - Admirals

Lines # - Real PCT - Wanted PCT - Time Play
Normal Forward
1 - 36% - 35% - 18:46
2 - 35% - 30% - 18:05
3 - 19% - 22% - 9:55
4 - 10% - 13% - 5:03
Normal Defense
1 - 32% - 35% - 16:44
2 - 40% - 30% - 20:50
3 - 20% - 22% - 10:36
4 - 7% - 13% - 3:39
PP Forward
1 - 55% - 60% - 2:12
2 - 45% - 40% - 1:46
PP Defense
1 - 53% - 60% - 2:05
2 - 47% - 40% - 1:53
PK Forward
1 - 81% - 60% - 3:26
2 - 19% - 40% - 0:47
PK Defense
1 - 42% - 60% - 1:45
2 - 58% - 40% - 2:28
PK3 Forward
1 - 0% - 60%
2 - 0% - 40%
PK3 Defense
1 - 0% - 60%
2 - 0% - 40%
44 Forward
1 - 0% - 60%
2 - 0% - 40%
44 Defense
1 - 0% - 60%
2 - 0% - 40%
Last Minute Offensive  - 0:00
Last Minute Defensive  - 0:00
Total
Forward - 60:00
Defense - 60:00

% Time on Ice - Monarchs

Lines # - Real PCT - Wanted PCT - Time Play
Normal Forward
1 - 39% - 35% - 20:02
2 - 30% - 30% - 15:10
3 - 7% - 22% - 3:45
4 - 24% - 13% - 12:08
Normal Defense
1 - 32% - 35% - 16:36
2 - 27% - 30% - 13:50
3 - 22% - 22% - 10:59
4 - 19% - 13% - 9:40
PP Forward
1 - 42% - 60% - 1:47
2 - 58% - 40% - 2:26
PP Defense
1 - 58% - 60% - 2:28
2 - 42% - 40% - 1:45
PK Forward
1 - 85% - 60% - 3:23
2 - 15% - 40% - 0:35
PK Defense
1 - 77% - 60% - 3:03
2 - 23% - 40% - 0:55
PK3 Forward
1 - 0% - 60%
2 - 0% - 40%
PK3 Defense
1 - 0% - 60%
2 - 0% - 40%
44 Forward
1 - 0% - 60%
2 - 0% - 40%
44 Defense
1 - 0% - 60%
2 - 0% - 40%
Last Minute Offensive  - 0:00
Last Minute Defensive  - 0:44
Total
Forward - 60:00
Defense - 60:00

Play by Play

1st period


0:01 of 1st period - Mike Zigomanis wins face-off versus Byron Froese in neutral zone.
1:51 of 1st period - Slapshot by Darryl Boyce.
1:51 of 1st period - Deflect By Carter Camper.
1:51 of 1st period - Shot Misses the Net.
1:51 of 1st period - Puck is out of play.
1:52 of 1st period - Matej Stransky wins face-off versus Carter Camper in Monarchs zone.
2:20 of 1st period - Icing by Derek Forbort.
2:21 of 1st period - Jared Knight wins face-off versus Mike Zigomanis in Monarchs zone.
2:45 of 1st period - Slapshot by David Rundblad.
2:45 of 1st period - Deflect By Jason Jaffray.
2:45 of 1st period - Shot Misses the Net.
2:45 of 1st period - Puck is out of play.
2:46 of 1st period - Ryan Bourque wins face-off versus Byron Froese in Admirals zone.
2:46 of 1st period - Ryan Bourque is hit by Nathan Paetsch.
2:59 of 1st period - Minor Penalty to David Rundblad for Holding.
3:00 of 1st period - Jonathan Marchessault wins face-off versus Matej Stransky in Monarchs zone.
3:44 of 1st period - Keith Aucoin is hit by Jared Knight and loses puck.
4:05 of 1st period - Slapshot by Alex Grant.
4:05 of 1st period - Shot Blocked by Derek Forbort.
4:07 of 1st period - Slapshot by Jonathan Marchessault.
4:07 of 1st period - Stopped by Kenny Reiter with a rebound.
4:09 of 1st period - Slapshot by Alex Grant.
4:09 of 1st period - Deflect By Matej Stransky.
4:09 of 1st period - Stopped by Kenny Reiter with a rebound.
4:11 of 1st period - Wrist shot by Jonathan Marchessault.
4:11 of 1st period - Shot Misses the Net.
4:13 of 1st period - Slapshot by Cade Fairchild.
4:13 of 1st period - Deflect By Mike Zigomanis.
4:13 of 1st period - Stopped by Kenny Reiter without a rebound.
4:14 of 1st period - Darryl Boyce wins face-off versus Matej Stransky in Monarchs zone.
4:27 of 1st period - Joe Morrow is hit by Keith Aucoin and loses puck.
4:59 of 1st period - Penalty to David Rundblad is over, David Rundblad is back on ice.
5:19 of 1st period - Sven Andrighetto is hit by Ryan Malone and loses puck.
5:36 of 1st period - Sven Andrighetto is hit by Nathan Paetsch and loses puck.
5:59 of 1st period - Carter Camper is hit by Derek Forbort and loses puck.
6:27 of 1st period - Minor Penalty to Nathan McIver for Holding.
6:28 of 1st period - Jonathan Marchessault wins face-off versus Byron Froese in Admirals zone.
6:28 of 1st period - Jonathan Marchessault is hit by Bobby Robins.
7:00 of 1st period - Cade Fairchild is hit by David Rundblad and loses puck.
7:09 of 1st period - Wrist shot by Ryan Malone.
7:09 of 1st period - Stopped by Jonathan Bernier with a rebound.
7:23 of 1st period - Cade Fairchild is hit by Ryan Malone and loses puck.
7:40 of 1st period - Alex Grant is hit by Derek Forbort.
8:17 of 1st period - Carter Camper is hit by Ryan Malone and loses puck.
8:27 of 1st period - Penalty to Nathan McIver is over, Nathan McIver is back on ice.
8:40 of 1st period - Slapshot by Keith Ballard.
8:40 of 1st period - Shot Misses the Net.
8:42 of 1st period - Snap shot by C.J. Stretch.
8:42 of 1st period - Stopped by Jonathan Bernier without a rebound.
8:43 of 1st period - Byron Froese wins face-off versus Ryan Bourque in Admirals zone.
8:57 of 1st period - Off-side.
8:58 of 1st period - Mike Zigomanis wins face-off versus Bobby Robins in neutral zone.
10:05 of 1st period - Matej Stransky is hit by Keith Aucoin and loses puck.
10:17 of 1st period - Off-side.
10:18 of 1st period - Matej Stransky wins face-off versus Mike Zigomanis in neutral zone.
12:40 of 1st period - Wrist shot by Sven Andrighetto.
12:40 of 1st period - Stopped by Kenny Reiter with a rebound.
13:02 of 1st period - Icing by Jonathan Marchessault.
13:03 of 1st period - Matej Stransky wins face-off versus Carter Camper in Admirals zone.
13:20 of 1st period - Wrist shot by Jean-Gabriel Pageau.
13:20 of 1st period - Deflect By Mike Zigomanis.
13:20 of 1st period - Stopped by Kenny Reiter with a rebound.
13:42 of 1st period - Snap shot by Carter Ashton.
13:42 of 1st period - Shot Misses the Net.
13:44 of 1st period - Slapshot by Sven Andrighetto.
13:44 of 1st period - Shot Blocked by Keith Ballard.
13:46 of 1st period - Snap shot by Sven Andrighetto.
13:46 of 1st period - Shot Misses the Net.
13:48 of 1st period - Slapshot by Carter Ashton.
13:48 of 1st period - Stopped by Kenny Reiter with a rebound.
13:50 of 1st period - Wrist shot by Ryan Bourque.
13:50 of 1st period - Stopped by Kenny Reiter with a rebound.
14:54 of 1st period - Slapshot by Mike Zigomanis.
14:54 of 1st period - Stopped by Kenny Reiter without a rebound.
14:55 of 1st period - Mike Zigomanis wins face-off versus Brett Olson in Monarchs zone.
15:26 of 1st period - Wrist shot by David Rundblad.
15:26 of 1st period - Stopped by Jonathan Bernier with a rebound.
15:28 of 1st period - Snap shot by Jordan Hill.
15:28 of 1st period - Shot Blocked by Carter Ashton.
15:40 of 1st period - Carter Ashton is hit by Byron Froese and loses puck.
17:55 of 1st period - Rostislav Olesz is hit by Darryl Boyce and loses puck.
18:23 of 1st period - Icing by Zach McKelvie.
18:24 of 1st period - Sven Andrighetto wins face-off versus Matej Stransky in Monarchs zone.
Goals for this period are 0 for Admirals vs 0 for Monarchs.
Shots for this period are 8 for Admirals vs 3 for Monarchs.

2nd period


0:01 of 2nd period - Mike Zigomanis wins face-off versus Byron Froese in neutral zone.
0:04 of 2nd period - Byron Froese is hit by Mike Zigomanis.
0:05 of 2nd period - Byron Froese from Monarchs is injured at 0:05 of 2nd period (Left Hand).
0:06 of 2nd period - Mike Zigomanis wins face-off versus C.J. Stretch in Monarchs zone.
0:19 of 2nd period - Wrist shot by Mike Zigomanis.
0:19 of 2nd period - Stopped by Kenny Reiter without a rebound.
0:20 of 2nd period - C.J. Stretch wins face-off versus Jean-Gabriel Pageau in Monarchs zone.
0:32 of 2nd period - Bobby Robins is hit by Jean-Gabriel Pageau and loses puck.
1:08 of 2nd period - Wrist shot by Ryan Malone.
1:08 of 2nd period - Stopped by Jonathan Bernier with a rebound.
1:10 of 2nd period - Slapshot by Keith Ballard.
1:10 of 2nd period - Deflect By Ryan Bourque.
1:10 of 2nd period - Stopped by Jonathan Bernier with a rebound.
1:12 of 2nd period - Slapshot by Keith Ballard.
1:12 of 2nd period - Stopped by Jonathan Bernier with a rebound.
1:14 of 2nd period - Wrist shot by Keith Ballard.
1:14 of 2nd period - Stopped by Jonathan Bernier with a rebound.
1:16 of 2nd period - Wrist shot by Jared Knight.
1:16 of 2nd period - Shot Blocked by Keith Aucoin.
1:31 of 2nd period - Bobby Robins is hit by Jonathan Marchessault and loses puck.
2:01 of 2nd period - Wrist shot by Darryl Boyce.
2:01 of 2nd period - Stopped by Kenny Reiter with a rebound.
2:03 of 2nd period - Snap shot by Carter Camper.
2:03 of 2nd period - Stopped by Kenny Reiter with a rebound.
2:47 of 2nd period - Nathan Paetsch is hit by Darryl Boyce and loses puck.
3:29 of 2nd period - David Rundblad is hit by Bryan Rodney and loses puck.
3:34 of 2nd period - Wrist shot by Mike Zigomanis.
3:34 of 2nd period - Shot Misses the Net.
3:44 of 2nd period - Nathan McIver is hit by Jared Knight and loses puck.
4:50 of 2nd period - Nathan Paetsch is hit by Scott Ford and loses puck.
5:19 of 2nd period - Snap shot by David Rundblad.
5:19 of 2nd period - Stopped by Jonathan Bernier without a rebound.
5:20 of 2nd period - Carter Camper wins face-off versus David Rundblad in Admirals zone.
5:38 of 2nd period - Wrist shot by Mike Sislo.
5:38 of 2nd period - Shot Blocked by David Rundblad.
5:47 of 2nd period - Snap shot by Carter Camper.
5:47 of 2nd period - Shot Blocked by Jared Knight.
5:49 of 2nd period - Slapshot by Mike Sislo.
5:49 of 2nd period - Shot Blocked by Joe Morrow.
6:27 of 2nd period - Matej Stransky is hit by Alex Grant and loses puck.
6:35 of 2nd period - Off-side.
6:36 of 2nd period - C.J. Stretch wins face-off versus Darryl Boyce in neutral zone.
6:42 of 2nd period - Minor Penalty to Bryan Rodney for Tripping.
6:43 of 2nd period - C.J. Stretch wins face-off versus Jonathan Marchessault in Admirals zone.
6:53 of 2nd period - Slapshot by Keith Ballard.
6:53 of 2nd period - Shot Blocked by Darryl Boyce.
6:57 of 2nd period - Snap shot by Keith Ballard.
6:57 of 2nd period - Goal by Keith Ballard - Admirals : 0 - Monarchs : 1.
6:58 of 2nd period - C.J. Stretch wins face-off versus Ryan Bourque in neutral zone.
8:31 of 2nd period - Jason Jaffray is hit by Mike Zigomanis and loses puck.
9:29 of 2nd period - Cade Fairchild is hit by Joe Morrow and loses puck.
9:40 of 2nd period - Brett Olson is hit by Sven Andrighetto and loses puck.
10:15 of 2nd period - Bryan Rodney is hit by Jared Knight and loses puck.
11:44 of 2nd period - Jonathan Marchessault is hit by Ryan Malone.
12:07 of 2nd period - Snap shot by Mike Sislo.
12:07 of 2nd period - Stopped by Kenny Reiter with a rebound.
12:19 of 2nd period - Snap shot by Mike Sislo.
12:19 of 2nd period - Stopped by Kenny Reiter with a rebound.
12:21 of 2nd period - Wrist shot by Carter Ashton.
12:21 of 2nd period - Deflect By Mike Sislo.
12:21 of 2nd period - Shot Blocked by Keith Ballard.
12:21 of 2nd period - Puck is out of play.
12:22 of 2nd period - Mathieu Tousignant wins face-off versus Carter Camper in Monarchs zone.
12:32 of 2nd period - Wrist shot by Darryl Boyce.
12:32 of 2nd period - Shot Misses the Net.
12:36 of 2nd period - Slapshot by Carter Camper.
12:36 of 2nd period - Shot Misses the Net.
12:38 of 2nd period - Slapshot by Bryan Rodney.
12:38 of 2nd period - Deflect By Rostislav Olesz.
12:38 of 2nd period - Stopped by Kenny Reiter with a rebound.
12:40 of 2nd period - Snap shot by Carter Camper.
12:40 of 2nd period - Stopped by Kenny Reiter without a rebound.
12:41 of 2nd period - Carter Camper wins face-off versus Mathieu Tousignant in Monarchs zone.
12:50 of 2nd period - Jean-Gabriel Pageau is hit by Jordan Hill.
13:22 of 2nd period - Wrist shot by Jason Jaffray.
13:22 of 2nd period - Shot Misses the Net.
13:24 of 2nd period - Slapshot by Joe Morrow.
13:24 of 2nd period - Shot Blocked by Bryan Rodney.
13:26 of 2nd period - Snap shot by Jason Jaffray.
13:26 of 2nd period - Stopped by Jonathan Bernier without a rebound.
13:27 of 2nd period - Sven Andrighetto wins face-off versus Brett Olson in Admirals zone.
13:52 of 2nd period - Minor Penalty to Bobby Robins for Hooking.
13:53 of 2nd period - Matej Stransky wins face-off versus Darryl Boyce in Monarchs zone.
14:04 of 2nd period - Matej Stransky is hit by Jonathan Marchessault and loses puck.
14:17 of 2nd period - Derek Forbort is hit by Darryl Boyce and loses puck.
15:07 of 2nd period - Slapshot by Alex Grant.
15:07 of 2nd period - Deflect By Mike Zigomanis.
15:07 of 2nd period - Shot Misses the Net.
15:07 of 2nd period - Puck is out of play.
15:08 of 2nd period - Brett Olson wins face-off versus Jonathan Marchessault in Monarchs zone.
15:52 of 2nd period - Penalty to Bobby Robins is over, Bobby Robins is back on ice.
16:19 of 2nd period - Slapshot by Keith Ballard.
16:19 of 2nd period - Shot Blocked by Carter Camper.
16:21 of 2nd period - Slapshot by Joe Morrow.
16:21 of 2nd period - Stopped by Jonathan Bernier with a rebound.
16:23 of 2nd period - Snap shot by Nathan Paetsch.
16:23 of 2nd period - Deflect By Keith Ballard.
16:23 of 2nd period - Stopped by Jonathan Bernier without a rebound.
16:24 of 2nd period - Brett Olson wins face-off versus Ryan Bourque in Admirals zone.
17:03 of 2nd period - Slapshot by Jean-Gabriel Pageau.
17:03 of 2nd period - Deflect By Mike Zigomanis.
17:03 of 2nd period - Shot Misses the Net.
17:03 of 2nd period - Puck is out of play.
17:04 of 2nd period - Mike Zigomanis wins face-off versus C.J. Stretch in Monarchs zone.
17:17 of 2nd period - Bryan Rodney is hit by Ryan Malone and loses puck.
17:25 of 2nd period - C.J. Stretch is hit by Sven Andrighetto.
17:28 of 2nd period - Off-side.
17:29 of 2nd period - Sven Andrighetto wins face-off versus Brett Olson in neutral zone.
17:42 of 2nd period - Farm Player11 is hit by Keith Ballard and loses puck.
18:26 of 2nd period - Icing by Jean-Gabriel Pageau.
18:27 of 2nd period - Mike Zigomanis wins face-off versus Brett Olson in Admirals zone.
18:32 of 2nd period - Joe Morrow is hit by Cade Fairchild and loses puck.
19:16 of 2nd period - Scott Ford is hit by Brett Olson and loses puck.
19:25 of 2nd period - Snap shot by Joe Morrow.
19:25 of 2nd period - Deflect By Matej Stransky.
19:25 of 2nd period - Shot Misses the Net.
19:25 of 2nd period - Puck is out of play.
19:26 of 2nd period - Brett Olson wins face-off versus Carter Camper in Admirals zone.
Goals for this period are 0 for Admirals vs 1 for Monarchs.
Shots for this period are 7 for Admirals vs 9 for Monarchs.

3rd period


0:01 of 3rd period - Matej Stransky wins face-off versus Mike Zigomanis in neutral zone.
0:20 of 3rd period - Slapshot by David Rundblad.
0:20 of 3rd period - Shot Misses the Net.
0:22 of 3rd period - Wrist shot by Matej Stransky.
0:22 of 3rd period - Stopped by Jonathan Bernier without a rebound.
0:23 of 3rd period - Ryan Bourque wins face-off versus Bobby Robins in Admirals zone.
0:23 of 3rd period - Ryan Bourque is hit by Nathan Paetsch.
0:39 of 3rd period - Snap shot by Keith Aucoin.
0:39 of 3rd period - Shot Misses the Net.
1:14 of 3rd period - Darryl Boyce is hit by Derek Forbort and loses puck.
1:29 of 3rd period - Snap shot by David Rundblad.
1:29 of 3rd period - Stopped by Jonathan Bernier with a rebound.
1:43 of 3rd period - Darryl Boyce is hit by Nathan Paetsch and loses puck.
2:06 of 3rd period - Joe Morrow is hit by Scott Ford and loses puck.
2:45 of 3rd period - Derek Forbort is hit by Alex Grant.
3:09 of 3rd period - Wrist shot by Jean-Gabriel Pageau.
3:09 of 3rd period - Shot Misses the Net.
3:11 of 3rd period - Snap shot by Jean-Gabriel Pageau.
3:11 of 3rd period - Shot Misses the Net.
3:13 of 3rd period - Slapshot by Mike Zigomanis.
3:13 of 3rd period - Deflect By Jean-Gabriel Pageau.
3:13 of 3rd period - Shot Blocked by Derek Forbort.
3:13 of 3rd period - Puck is out of play.
3:14 of 3rd period - Jean-Gabriel Pageau wins face-off versus Brett Olson in Monarchs zone.
3:27 of 3rd period - Snap shot by Ryan Malone.
3:27 of 3rd period - Stopped by Jonathan Bernier with a rebound.
3:29 of 3rd period - Wrist shot by Brett Olson.
3:29 of 3rd period - Shot Misses the Net.
3:31 of 3rd period - Slapshot by David Rundblad.
3:31 of 3rd period - Shot Misses the Net.
3:33 of 3rd period - Slapshot by Nathan Paetsch.
3:33 of 3rd period - Shot Misses the Net.
3:35 of 3rd period - Slapshot by Brett Olson.
3:35 of 3rd period - Stopped by Jonathan Bernier with a rebound.
3:37 of 3rd period - Slapshot by David Rundblad.
3:37 of 3rd period - Stopped by Jonathan Bernier without a rebound.
3:38 of 3rd period - Ryan Bourque wins face-off versus C.J. Stretch in Admirals zone.
3:43 of 3rd period - Snap shot by Keith Aucoin.
3:43 of 3rd period - Stopped by Kenny Reiter with a rebound.
3:49 of 3rd period - Slapshot by David Rundblad.
3:49 of 3rd period - Stopped by Jonathan Bernier with a rebound.
3:51 of 3rd period - Slapshot by David Rundblad.
3:51 of 3rd period - Stopped by Jonathan Bernier without a rebound.
3:52 of 3rd period - C.J. Stretch wins face-off versus Ryan Bourque in Admirals zone.
4:16 of 3rd period - Ryan Malone and Scott Ford fight to a draw.
4:16 of 3rd period - Penalty to Ryan Malone for Fighting.
4:16 of 3rd period - Penalty to Scott Ford for Fighting.
4:17 of 3rd period - Mike Zigomanis wins face-off versus C.J. Stretch in Admirals zone.
4:34 of 3rd period - Snap shot by Mike Zigomanis.
4:34 of 3rd period - Shot Misses the Net.
4:36 of 3rd period - Snap shot by Bryan Rodney.
4:36 of 3rd period - Deflect By Jean-Gabriel Pageau.
4:36 of 3rd period - Shot Blocked by Jared Knight.
4:36 of 3rd period - Puck is out of play.
4:37 of 3rd period - Mike Zigomanis wins face-off versus C.J. Stretch in Monarchs zone.
4:38 of 3rd period - Wrist shot by Jean-Gabriel Pageau.
4:38 of 3rd period - Shot Misses the Net.
4:40 of 3rd period - Wrist shot by Jean-Gabriel Pageau.
4:40 of 3rd period - Stopped by Kenny Reiter with a rebound.
4:42 of 3rd period - Slapshot by Bryan Rodney.
4:42 of 3rd period - Shot Misses the Net.
4:44 of 3rd period - Snap shot by Mike Zigomanis.
4:44 of 3rd period - Stopped by Kenny Reiter with a rebound.
4:46 of 3rd period - Snap shot by Jean-Gabriel Pageau.
4:46 of 3rd period - Stopped by Kenny Reiter without a rebound.
4:47 of 3rd period - Ryan Bourque wins face-off versus David Rundblad in Monarchs zone.
5:00 of 3rd period - Wrist shot by Keith Aucoin.
5:00 of 3rd period - Shot Blocked by Derek Forbort.
5:46 of 3rd period - Minor Penalty to Jean-Gabriel Pageau for Hooking.
5:47 of 3rd period - David Rundblad wins face-off versus Jonathan Marchessault in Admirals zone.
6:08 of 3rd period - Snap shot by Jason Jaffray.
6:08 of 3rd period - Stopped by Jonathan Bernier with a rebound.
6:10 of 3rd period - Slapshot by Derek Forbort.
6:10 of 3rd period - Shot Blocked by Darryl Boyce.
6:24 of 3rd period - Wrist shot by Nathan Paetsch.
6:24 of 3rd period - Stopped by Jonathan Bernier with a rebound.
7:41 of 3rd period - Slapshot by Alex Grant.
7:41 of 3rd period - Stopped by Kenny Reiter with a rebound.
7:46 of 3rd period - Penalty to Jean-Gabriel Pageau is over, Jean-Gabriel Pageau is back on ice.
8:08 of 3rd period - Icing by Joe Morrow.
8:09 of 3rd period - Ryan Bourque wins face-off versus C.J. Stretch in Monarchs zone.
8:22 of 3rd period - Snap shot by Bryan Rodney.
8:22 of 3rd period - Shot Misses the Net.
9:07 of 3rd period - Brett Olson is hit by Jonathan Marchessault and loses puck.
9:59 of 3rd period - Ryan Malone is hit by Carter Camper and loses puck.
11:08 of 3rd period - Wrist shot by Carter Camper.
11:08 of 3rd period - Stopped by Kenny Reiter with a rebound.
11:10 of 3rd period - Slapshot by Mike Sislo.
11:10 of 3rd period - Shot Blocked by Jordan Hill.
11:12 of 3rd period - Snap shot by Carter Camper.
11:12 of 3rd period - Deflect By Mike Sislo.
11:12 of 3rd period - Shot Blocked by Jordan Hill.
11:12 of 3rd period - Puck is out of play.
11:13 of 3rd period - Brett Olson wins face-off versus Carter Camper in Monarchs zone.
12:16 of 3rd period - Snap shot by Keith Ballard.
12:16 of 3rd period - Shot Hit the Post.
12:38 of 3rd period - Ryan Bourque is hit by Brett Olson.
13:04 of 3rd period - Snap shot by Mike Sislo.
13:04 of 3rd period - Stopped by Kenny Reiter with a rebound.
13:06 of 3rd period - Wrist shot by Sven Andrighetto.
13:06 of 3rd period - Shot Misses the Net.
13:28 of 3rd period - Wrist shot by David Rundblad.
13:28 of 3rd period - Stopped by Jonathan Bernier with a rebound.
13:30 of 3rd period - Slapshot by David Rundblad.
13:30 of 3rd period - Deflect By Ryan Malone.
13:30 of 3rd period - Stopped by Jonathan Bernier with a rebound.
13:32 of 3rd period - Slapshot by Jordan Hill.
13:32 of 3rd period - Shot Blocked by Keith Aucoin.
13:34 of 3rd period - Snap shot by Brett Olson.
13:34 of 3rd period - Stopped by Jonathan Bernier with a rebound.
13:36 of 3rd period - Snap shot by Jared Knight.
13:36 of 3rd period - Shot Misses the Net.
14:01 of 3rd period - Off-side.
14:02 of 3rd period - Mathieu Tousignant wins face-off versus Mike Zigomanis in neutral zone.
15:19 of 3rd period - Carter Camper is hit by Mathieu Tousignant and loses puck.
16:46 of 3rd period - Joe Morrow is hit by Carter Ashton and loses puck.
16:55 of 3rd period - Snap shot by Carter Ashton.
16:55 of 3rd period - Stopped by Kenny Reiter with a rebound.
16:57 of 3rd period - Slapshot by Alex Grant.
16:57 of 3rd period - Shot Misses the Net.
17:15 of 3rd period - Snap shot by Keith Aucoin.
17:15 of 3rd period - Stopped by Kenny Reiter with a rebound.
17:42 of 3rd period - Snap shot by David Rundblad.
17:42 of 3rd period - Stopped by Jonathan Bernier with a rebound.
18:11 of 3rd period - Slapshot by David Rundblad.
18:11 of 3rd period - Shot Misses the Net.
18:41 of 3rd period - Jean-Gabriel Pageau is hit by David Rundblad and loses puck.
19:02 of 3rd period - Admirals, Jonathan Bernier is pulled from the net.
19:06 of 3rd period - Snap shot by Mike Sislo.
19:06 of 3rd period - Stopped by Kenny Reiter without a rebound.
19:07 of 3rd period - Dave Lewis call a timeout for Admirals.
19:07 of 3rd period - C.J. Stretch wins face-off versus Maxime Langelier-Parent in Monarchs zone.
19:16 of 3rd period - Derek Forbort is hit by Mike Sislo and loses puck.
19:39 of 3rd period - Mike Sislo is hit by Nathan Paetsch and loses puck.
19:50 of 3rd period - Slapshot by Nathan Paetsch.
19:50 of 3rd period - Goal by Nathan Paetsch - Admirals : 0 - Monarchs : 2.
19:50 of 3rd period - Jonathan Bernier from Admirals was sent back in the game.
19:51 of 3rd period - Jared Knight wins face-off versus Ryan Bourque in neutral zone.
Goals for this period are 0 for Admirals vs 1 for Monarchs.
Shots for this period are 10 for Admirals vs 14 for Monarchs.


Output by the SimonT Hockey Simulator (STHS) for Eric Dolegowski -- Original Page W3C XHTML 1.0 Valid
Hockey Simulator - Hockey Simulation - Hockey Manager